 Dungeon Crawl Stone Soup version 0.20.1-1-g8b1a95d (webtiles) character file.

25 Folque the Magician (level 3, 0/24 HPs)
             Began as an Octopode Wizard on Nov 10, 2017.
             Slain by an adder (5 damage)
             ... on level 2 of the Dungeon.
             The game lasted 00:03:12 (828 turns).

Folque the Magician (Octopode Wizard)                Turns: 828, Time: 00:03:13

Health: 0/24       AC:  1    Str:  6    XL:     3   Next: 4%
Magic:  2/7        EV: 13    Int: 21    God:
Gold:   50         SH:  0    Dex: 10    Spells: 3/8 levels left

rFire    . . .     SeeInvis .   h - +0 dagger
rCold    . . .     Gourm    .   (no shield)
rNeg     . . .     Faith    .   a - +0 hat
rPois    .         Spirit   .   (no amulet)
rElec    .         Reflect  .   (no ring)
rCorr    .         Harm     .   (no ring)
MR       .....                  (no ring)
Stlth    +++.......             (no ring)
Regen    0.1/turn               (no ring)
MPRegen  0.1/turn               (no ring)
                                (no ring)
                                (no ring)

@: lethally poisoned (0 -> -1), very slightly contaminated
A: almost no armour, stealthy swim, amphibious, 8 rings, constrict 8, camouflage
1, gelatinous body 1
a: no special abilities


You were on level 2 of the Dungeon.
You were not hungry.

You visited 1 branch of the dungeon, and saw 2 of its levels.

You collected 50 gold pieces.

Inventory:

Hand Weapons
 h - a +0 dagger (weapon)
Missiles
 k - 7 javelins (quivered)
Armour
 a - a +0 hat (worn)
 l - a cursed -1 buckler
Scrolls
 i - a scroll of remove curse {unknown}
Potions
 m - a potion of cancellation
Books
 b - a book of Minor Magic

   Spells                             Type                      Level
   a - Magic Dart                     Conjuration                  1
   b - Blink                          Translocation                2
   c - Call Imp                       Summoning                    2
   d - Slow                           Hexes                        2
   e - Conjure Flame                  Conjuration/Fire             3
   f - Mephitic Cloud                 Conjuration/Poison/Air       3
Comestibles
 c - 2 bread rations
 d - a chunk of flesh
 f - 2 royal jellies
 j - a meat ration


   Skills:
 * Level 2.2 Fighting
 - Level 2.0 Dodging
 - Level 2.6 Stealth
 + Level 3.2 Spellcasting
 - Level 1.0 Conjurations
 - Level 1.0 Summonings
 - Level 1.0 Translocations


You had 3 spell levels left.
You knew the following spells:

 Your Spells              Type           Power        Failure   Level  Hunger
a - Magic Dart            Conj           #...         9%          1    None
b - Call Imp              Summ           #.......     13%         2    ##.....
c - Blink                 Tloc           N/A          13%         2    ##.....


Dungeon Overview and Level Annotations

Branches:
Dungeon (2/15)

Altars:


Innate Abilities, Weirdness & Mutations

You cannot wear most types of armour.
You are very stealthy in the water. (Stealth+)
You are amphibious.
You can wear up to eight rings at the same time.
You can use your tentacles to constrict eight enemies at once.
Your skin changes colour to match your surroundings (Stealth+).
Your rubbery body absorbs attacks. (AC +1, EV +1)


Message History

The adder bites something but does no damage.
The adder closely misses something.
You hit the kobold.
You kill the kobold!
You feel sick. The worm barely misses you.
The frilled lizard hisses angrily.
You see here 11 gold pieces.
The adder bites you.
* * * LOW HITPOINT WARNING * * *
Your white imp barely misses the worm.
You feel sick.
As you read the scroll labeled KUULUK SANIUQU, it crumbles to dust.
The scroll dissolves into smoke.
It was a scroll of fog.
The adder bites you but does no damage. The adder completely misses you.
The frilled lizard closely misses you.
As you read the scroll labeled XIS BESUCWIGRAW, it crumbles to dust.
It is a scroll of identify.
m - a potion of cancellation The adder bites you.
You die...

#########
#.5.5...#
#w§..##.#######
#§##.##........
#Sl§.<.........
#@§#.##..#####.
#§§#.....#
...S...§§§....##
##.###.....$..#
..#.####.#
####.# #.# ..# #
... ..


You could see an adder and a frilled lizard.

Vanquished Creatures
  An adder (D:2)
  A ball python (D:1)
  3 bats (D:1)
  2 goblins (D:1)
  A hobgoblin (D:1)
  2 jackals (D:1)
  5 kobolds
  A quokka (D:2)
  3 rats (D:1)
19 creatures vanquished.

Notes
Turn   | Place    | Note
-------+----------+-------------------------------------------
     0 | D:1      | Folque the Octopode Wizard began the quest for the Orb.
     0 | D:1      | Reached XP level 1. HP: 11/11 MP: 4/4
   128 | D:1      | Reached skill level 1 in Fighting
   317 | D:1      | Reached XP level 2. HP: 18/18 MP: 6/6
   321 | D:1      | Learned a level 2 spell: Call Imp
   324 | D:1      | Learned a level 2 spell: Blink
   809 | D:2      | Reached XP level 3. HP: 21/24 MP: 4/7
   828 | D:2      | Slain by an adder

Skill      XL: |  1  2 |
---------------+-------+-----
Fighting       | 1 2 |  2.2
Dodging        | |  2.0
Stealth        | |  2.6
Spellcasting   | |  3.2
Conjurations   | |  1.0
Summonings     | |  1.0
Translocations | |  1.0

Action                   || total
-------------------------++-------
Melee: Unarmed           ||    11
       Dagger            ||    32
       Constrict         ||    10
       Tentacles         ||     7
 Cast: Magic Dart        ||     1
       Call Imp          ||     3
       Blink             ||     1
  Use: Scroll            ||     2
 Stab: Sleeping          ||     7
Armor: Skin              ||     7
Dodge: Dodged            ||    37
